Map: Acropolis LE

Players

Mez - Winner!

  • Race: Terran Terran
  • League: Master
  • Spawn Location: 11:00

Illlllllllll

  • Race: Zerg Zerg
  • League: Master
  • Spawn Location: 5:00

VOD

Have the link to the VOD?

Description

Time

  • Played on: Aug. 27, 2019, 9:59 p.m.
  • Length: 25:11
Show
View Real Time Build Order
Export as new Build Order

Mez Terran - Winner!

Build Orders: Liberator Opening, Reaper Expand 

Get SALT Encoding   

  12  0:01  SCV  
  13  0:13  SCV  
  14  0:17  Supply Depot  
  14  0:19  Supply Depot  
  14  0:25  SCV  
  15  0:41  SCV  
  15  0:42  Barracks  
  16  0:47  Refinery  
  16  0:53  SCV  
  17  1:05  SCV  
  18  1:17  SCV  
  19  1:31  Reaper  
  19  1:32  Orbital Command  
  20  1:42  Command Center  
  20  1:51  Supply Depot  
  20  1:58  SCV  
  21  2:03  Marine  
  22  2:12  SCV  
  22  2:14  Factory  
  23  2:17  Refinery  
  23  2:24  Barracks Reactor  
  23  2:25  SCV  
  24  2:39  SCV  
  25  2:51  SCV  
  26  2:55  Orbital Command  
  26  3:03  SCV, Starport  
  27  3:08  Hellion  
  27  3:09  Hellion, Barracks Tech Lab  
  31  3:15  SCV  
  32  3:23  Engineering Bay  
  32  3:26  Liberator  
  32  3:27  SCV  
  32  3:30  SCV  
  32  3:31  Hellion  
  32  3:32  Hellion  
  37  3:39  SCV  
  38  3:46  Marine, Stimpack  
  38  3:47  Supply Depot  
  42  3:48  SCV  
  42  3:51  SCV  
  44  3:57  Hellion  
  46  4:08  SCV x2  
  46  4:09  Hellion  
  50  4:11  Supply Depot  
  50  4:15  Marine  
  51  4:21  SCV x2  
  53  4:26  Command Center  
  53  4:40  SCV x2  
  53  4:45  Factory Reactor  
  55  4:46  Marine, Starport Reactor  
  55  4:47  Barracks  
  55  4:50  Barracks, Supply Depot  
  55  4:52  SCV x2  
  58  5:00  Engineering Bay  
  58  5:01  Engineering Bay  
  58  5:02  Refinery  
  58  5:04  SCV, Refinery  
  58  5:06  SCV  
  60  5:09  Marine  
  61  5:16  SCV  
  61  5:19  SCV  
  63  5:24  Barracks  
  57  5:28  SCV  
  57  5:35  SCV  
  57  5:40  SCV  
  58  5:47  SCV  
  58  5:48  Orbital Command  
  51  5:50  Terran Infantry Armor Level 1, Terran Infantry Weapons Level 1  
  51  5:51  Combat Shield  
  51  5:52  Medivac  
  51  5:53  Marine x3, SCV  
  51  5:54  Supply Depot  
  57  6:00  Marine x2, Barracks  
  59  6:08  Orbital Command  
  59  6:17  Marine x2  
  59  6:18  Marine, Factory Tech Lab  
  63  6:19  Medivac, Barracks Reactor  
  63  6:22  Medivac  
  63  6:24  SCV x2  
  63  6:25  Supply Depot  
  68  6:27  Armory  
  68  6:31  Marine x2  
  70  6:35  Marine x2, SCV  
  70  6:36  SCV  
  70  6:37  SCV  
  75  6:41  Siege Tank  
  75  6:46  Marine  
  80  6:47  SCV  
  80  6:48  Marine  
  80  6:49  SCV x2  
  80  6:54  Marine x2  
  83  6:56  Supply Depot x2  
  83  6:59  SCV  
  83  7:01  SCV x2  
  87  7:02  Marine, Barracks Reactor  
  87  7:03  Marine x2  
  90  7:11  SCV  
  90  7:13  Siege Tank, SCV x2  
  90  7:14  Marine x2  
  90  7:15  Marine x2  
  100  7:20  Marine, Supply Depot  
  100  7:21  Marine  
  100  7:22  Supply Depot  
  102  7:23  SCV, Medivac x2, Refinery  
  102  7:24  Refinery  
  102  7:25  SCV x2  
  102  7:27  Terran Vehicle Weapons Level 1  
  109  7:30  Marine  
  109  7:32  Marine x2  
  109  7:35  SCV  
  112  7:48  Supply Depot  
  110  7:55  Marine x9  
  110  7:56  Siege Tank  
  110  7:57  Medivac, Terran Infantry Weapons Level 2  
  124  8:00  Terran Infantry Armor Level 2  
  124  8:01  SCV  
  125  8:07  SCV, Supply Depot  
  125  8:11  SCV  
  127  8:12  Marine  
  127  8:13  Marine x2, SCV  
  131  8:20  Marine x2  
  133  8:29  Marine x3  
  136  8:34  Command Center  
  136  8:35  Siege Tank, Barracks  
  136  8:37  Barracks  
  136  8:38  Barracks  
  136  8:39  SCV  
  136  8:40  Factory  
  140  8:44  Supply Depot x2  
  140  8:45  Supply Depot  
  140  8:46  Marine  
  140  8:47  Marine x2  
  143  8:51  Medivac x2  
  147  9:04  Marine x2  
  147  9:05  Marine x7  
  155  9:19  Siege Tank  
  155  9:22  Marine x2  
  161  9:33  Marine x6  
  161  9:35  Barracks Tech Lab x3  
  166  9:43  Marine x3  
  166  9:44  Factory Tech Lab  
  83  9:45  Medivac x2  
  168  9:50  Marine  
  168  9:51  Marine x3, Siege Tank  
  179  9:55  Marauder x3, Concussive Shells  
  179  9:56  Refinery  
  185  10:02  Marauder, Refinery  
  173  10:16  Marine x3  
  173  10:17  Marauder x2  
  174  10:28  Marine x4  
  162  10:29  Liberator x2  
  162  10:31  Marine  
  162  10:32  Marine x2  
  162  10:34  Marine x3  
  164  10:37  Planetary Fortress  
  164  10:38  Marauder  
  164  10:39  Marauder  
  168  10:44  Siege Tank x2  
  168  10:45  Marine  
  168  10:49  Terran Infantry Weapons Level 3  
  181  10:50  Marauder  
  181  10:51  Fusion Core  
  181  10:52  Starport x2  
  183  10:58  SCV x3  
  183  11:03  Marine  
  183  11:04  Marine  
  188  11:26  Supply Depot  
  188  11:28  Supply Depot  
  185  11:39  Supply Depot  
  185  11:40  Supply Depot  
  185  11:43  Liberator x2  
  183  11:50  Marine, Marauder  
  180  11:54  Starport Tech Lab  
  180  11:59  Starport Reactor  
  180  12:00  Terran Infantry Armor Level 3  
  180  12:01  Marine x2, Marauder  
  188  12:02  Marauder x2  
  194  12:11  Command Center  
  194  12:21  Command Center  
  194  12:24  Command Center  
  194  12:26  Command Center  
  194  12:27  Command Center  
  194  12:29  Command Center  
  176  12:41  Marine x8  
  176  12:42  Marauder x4  
  182  12:49  Liberator  
  177  12:53  Siege Tank  
  179  12:58  Marine  
  179  12:59  Marine  
  179  13:06  Marauder  
  179  13:07  Supply Depot, Marauder  
  179  13:09  Supply Depot, Marauder  
  179  13:13  Command Center  
  179  13:23  Siege Tank  
  179  13:24  Orbital Command  
  194  13:29  Marauder  
  196  13:35  Advanced Ballistics  
  196  13:36  Marauder  
  196  13:37  Marauder  
  197  13:48  Orbital Command  
  197  13:52  Marauder  
  197  13:55  Viking x5  
  193  14:15  Sensor Tower  
  193  14:19  Sensor Tower  
  193  14:21  Refinery  
  193  14:25  Viking  
  195  14:34  Viking x2  
  195  14:35  Orbital Command  
  195  14:36  Refinery  
  183  14:54  Thor x2  
  183  14:57  Orbital Command  
  195  15:02  Planetary Fortress  
  195  15:37  Cyclone  
  195  15:38  Viking  
  200  15:45  Neosteel Armor, Hi-Sec Auto Tracking  
  200  15:51  Terran Ship Weapons Level 1  
  200  15:56  Command Center  
  189  16:00  Marine x8  
  189  16:01  Marauder  
  198  16:04  Command Center  
  198  16:09  Command Center  
  191  16:15  Marine x2, Marauder  
  191  16:18  Marine x7  
  156  16:31  Marine x2  
  156  16:32  Orbital Command  
  150  16:33  Marine x2  
  150  16:35  Marine  
  150  16:36  Marine x3, Viking x5  
  150  16:39  Ghost Academy  
  165  16:58  Marine x8  
  175  17:03  Marauder x3  
  175  17:04  Marauder, Thor x2  
  175  17:06  Viking x2  
  197  17:08  Refinery  
  197  17:09  Viking  
  199  17:20  Command Center  
  186  17:32  SCV  
  186  17:33  SCV x3  
  186  17:36  SCV  
  172  17:39  Marine x3  
  169  17:46  SCV x2  
  171  17:54  Viking x5  
  171  17:55  Ghost  
  171  17:56  Ghost x3  
  189  18:21  Planetary Fortress  
  189  18:24  Ghost, Medivac x2  
  195  18:28  Personal Cloaking  
  195  18:35  Planetary Fortress  
  195  18:48  Ghost x3  
  193  18:52  SCV x3  
  193  18:53  SCV x4  
  196  19:03  SCV  
  196  19:04  SCV  
  196  19:05  SCV x2  
  200  19:22  Marine  
  195  19:33  Marine  
  174  19:39  Marine x10  
  174  19:40  Marine, Viking x5  
  166  19:51  Marine  
  130  19:53  Enhanced Shockwaves  
  130  19:56  Marine  
  130  19:57  Marine x9  
  130  19:58  Marine  
  112  20:08  Marine, SCV x7  
  112  20:10  Viking x4  
  126  20:14  Marine x4  
  126  20:15  Marine x2  
  132  20:22  Thor x2  
  127  20:36  Marine x6  
  129  20:46  Marine x6  
  133  20:53  Marine  
  133  20:54  Marine x2  
  133  20:56  Marine x3  
  131  21:04  Marine x6  
  123  21:05  Cyclone  
  115  21:11  Marine x2  
  115  21:15  Refinery  
  115  21:16  Refinery  
  116  21:21  Ghost  
  116  21:22  Ghost, SCV x4  
  124  21:32  Refinery  
  124  21:35  Missile Turret  
  124  21:36  Refinery, Missile Turret  
  124  21:41  Ghost x2  
  124  21:46  Viking x4  
  130  22:02  Siege Tank x2  
  130  22:07  Marine x5, Marauder x2  
  145  22:10  Marauder  
  147  22:21  Refinery  
  147  22:33  Orbital Command  
  147  22:41  Marine x5, Marauder x3  
  147  22:42  Marine x3, Marauder  
  163  22:58  Planetary Fortress  
  163  22:59  Marine, Orbital Command  
  163  23:04  Sensor Tower  
  164  23:06  Sensor Tower  
  164  23:08  Cyclone  
  153  23:19  Siege Tank  
  149  23:24  SCV x2  
  149  23:26  SCV  
  152  23:40  Siege Tank  
  153  23:54  Marine x7, Marauder x2  
  153  23:55  Marauder  
  164  23:57  Viking  
  164  23:58  Viking x2  
  170  24:09  Command Center  
  154  24:33  Marine x12  
  138  24:50  Marine  
  138  24:51  Marine x11  
Show
View Real Time Build Order
Export as new Build Order

Illlllllllll Zerg 

Build Orders: Hatch First, Brood Lord Corruptor 

Get SALT Encoding   

  12  0:02  Drone  
  13  0:11  Drone  
  14  0:17  Overlord  
  14  0:23  Drone, Extractor  
  15  0:37  Drone x2  
  17  0:53  Hatchery  
  16  0:58  Drone  
  16  0:59  Drone  
  18  1:12  Extractor  
  18  1:13  Spawning Pool  
  18  1:15  Drone  
  17  1:19  Drone  
  18  1:28  Drone  
  19  1:39  Drone  
  20  2:01  Queen  
  20  2:04  Queen  
  20  2:05  Zergling x4  
  20  2:06  Overlord  
  26  2:12  Metabolic Boost  
  26  2:13  Drone  
  27  2:17  Drone  
  28  2:25  Drone  
  29  2:34  Drone  
  30  2:38  Overlord  
  30  2:41  Queen  
  31  2:46  Drone x2  
  33  2:57  Pneumatized Carapace  
  33  3:01  Zergling x2  
  33  3:02  Drone x2  
  36  3:08  Drone  
  36  3:10  Overlord  
  37  3:22  Drone x4  
  41  3:27  Zergling x2  
  41  3:31  Drone  
  43  3:40  Drone, Hatchery  
  43  3:46  Drone  
  44  3:48  Queen  
  46  3:56  Drone x6  
  46  3:58  Overlord  
  46  3:59  Overlord  
  52  4:07  Baneling Nest  
  51  4:12  Drone  
  51  4:15  Lair, Extractor  
  51  4:17  Spore Crawler, Drone x2  
  52  4:24  Queen  
  52  4:27  Overlord  
  52  4:28  Drone x3  
  52  4:31  Spore Crawler  
  56  4:32  Drone x2  
  58  4:39  Spore Crawler, Drone  
  58  4:49  Drone  
  58  4:52  Queen  
  61  4:53  Zergling x6  
  61  4:55  Drone x2  
  66  5:02  Overlord  
  66  5:03  Drone  
  66  5:04  Drone  
  64  5:30  Zergling x8  
  65  5:42  Drone x3  
  60  5:43  Drone x7  
  65  5:52  Centrifical Hooks  
  65  5:58  Evolution Chamber  
  65  5:59  Extractor  
  65  6:00  Extractor, Evolution Chamber  
  65  6:01  Drone  
  65  6:02  Drone x3  
  65  6:05  Hatchery  
  64  6:12  Drone x3  
  64  6:13  Drone x2  
  64  6:17  Drone x2  
  64  6:18  Drone  
  72  6:21  Drone  
  72  6:22  Drone x3  
  76  6:26  Zerg Melee Weapons Level 1  
  76  6:27  Zerg Ground Armor Level 1  
  76  6:36  Overlord x2  
  76  6:38  Drone  
  76  6:39  Drone x3  
  80  6:46  Zergling x12  
  86  6:56  Zergling x10  
  86  6:59  Zergling x6  
  93  7:09  Drone x3  
  96  7:15  Zergling x2  
  96  7:17  Infestation Pit  
  96  7:18  Baneling x8  
  96  7:21  Zergling x2  
  96  7:22  Zergling x16  
  104  7:25  Zergling x2  
  104  7:28  Baneling x2  
  102  7:39  Zergling x10  
  102  7:53  Drone x9  
  102  7:54  Overlord x4  
  102  7:55  Hive  
  111  8:02  Spine Crawler, Drone  
  111  8:03  Overlord x2  
  111  8:06  Overlord  
  111  8:08  Hatchery  
  110  8:15  Zergling x10  
  110  8:17  Hatchery  
  112  8:23  Zerg Melee Weapons Level 2, Zerg Ground Armor Level 2  
  112  8:27  Zergling x2  
  112  8:28  Zergling x22  
  112  8:33  Baneling x11  
  124  8:35  Zergling x4  
  126  8:48  Zergling x18  
  135  8:49  Spine Crawler  
  135  8:50  Overlord  
  133  9:04  Zergling x12  
  133  9:05  Zergling x4  
  134  9:14  Adrenal Glands  
  134  9:15  Ultralisk Cavern  
  131  9:19  Zergling x2  
  131  9:20  Zergling x18, Spine Crawler  
  140  9:25  Overlord  
  140  9:27  Overlord  
  140  9:35  Spine Crawler  
  139  9:46  Overlord  
  139  9:49  Drone x3  
  139  9:50  Extractor, Drone x2  
  139  9:51  Overlord  
  139  9:52  Zergling x24  
  155  9:53  Zergling x2  
  155  9:57  Zergling x4  
  155  9:58  Zergling x4  
  155  10:01  Chitinous Plating  
  155  10:03  Ultralisk x2  
  166  10:13  Ultralisk x2  
  153  10:22  Zergling x8  
  153  10:23  Zergling x22  
  150  10:33  Ultralisk  
  150  10:34  Zergling x8  
  142  10:36  Overseer  
  142  10:40  Zergling x2  
  142  10:41  Zergling x2  
  144  10:43  Baneling x5  
  144  10:45  Drone  
  144  10:46  Drone x2  
  144  10:48  Spine Crawler x2, Drone  
  144  10:49  Drone x3  
  149  10:52  Zergling x2  
  150  11:00  Zergling x2, Zerg Melee Weapons Level 3  
  150  11:01  Zergling x8  
  155  11:06  Overlord  
  155  11:07  Zergling x10  
  160  11:12  Zergling x2  
  160  11:23  Zergling x2, Zerg Ground Armor Level 3  
  160  11:24  Zergling x12  
  159  11:37  Zergling x6  
  159  11:38  Zergling x14  
  169  11:44  Spire  
  169  11:46  Zergling x6  
  169  11:47  Zergling x6  
  173  11:51  Zergling x2  
  173  11:53  Zergling x2  
  173  11:54  Zergling x6  
  173  12:03  Zergling x10  
  173  12:05  Extractor  
  173  12:07  Spire  
  176  12:13  Zergling x10  
  181  12:22  Zergling x6  
  157  12:37  Zergling x2  
  157  12:38  Zergling x20  
  128  13:00  Drone  
  128  13:01  Drone x3  
  129  13:06  Corruptor x2, Greater Spire  
  129  13:07  Corruptor x8  
  129  13:08  Overlord  
  129  13:09  Zergling x2  
  129  13:10  Zergling x8  
  153  13:12  Extractor  
  153  13:14  Extractor  
  153  13:18  Spore Crawler  
  150  13:22  Zergling x10  
  150  13:26  Zerg Flyer Armor Level 1  
  155  13:28  Drone  
  155  13:29  Drone x2, Extractor  
  157  13:35  Zergling x10  
  157  13:40  Zergling x2  
  157  13:41  Zergling x4  
  164  13:47  Zergling x2  
  165  13:53  Drone x2  
  165  13:54  Drone x2  
  166  13:58  Baneling x9  
  166  13:59  Baneling x8  
  166  14:01  Zergling x8  
  170  14:08  Spore Crawler  
  169  14:18  Drone x2  
  169  14:19  Brood Lord x2, Drone  
  169  14:20  Brood Lord x2, Hatchery  
  169  14:21  Zergling x14  
  186  14:31  Zerg Flyer Weapons Level 1  
  180  14:44  Brood Lord x3  
  180  14:45  Brood Lord  
  167  14:46  Zergling x2  
  167  14:47  Zergling x26  
  176  14:52  Brood Lord  
  176  14:58  Extractor  
  175  15:00  Zergling x2  
  175  15:01  Zergling x18  
  185  15:11  Drone x2  
  185  15:12  Drone  
  188  15:14  Brood Lord  
  188  15:17  Spore Crawler, Pathogen Glands  
  189  15:25  Spore Crawler x2, Corruptor x5  
  192  15:37  Corruptor x3  
  192  15:42  Spore Crawler  
  197  15:43  Spore Crawler  
  197  15:46  Corruptor x2  
  200  15:55  Zergling x4  
  199  15:58  Zerg Flyer Armor Level 2  
  187  16:12  Zergling x12  
  187  16:13  Zergling x24  
  179  16:19  Zergling x14  
  179  16:36  Baneling x4  
  179  16:37  Baneling x9  
  179  16:38  Corruptor x2  
  180  16:40  Brood Lord x3  
  180  16:45  Zerg Flyer Weapons Level 2  
  185  16:49  Drone  
  185  16:50  Spine Crawler, Drone x3  
  185  16:51  Corruptor x2  
  192  17:11  Zergling x2  
  192  17:12  Zergling x6  
  196  17:18  Corruptor  
  198  17:24  Spore Crawler  
  198  17:26  Spore Crawler  
  183  17:35  Infestor  
  183  17:36  Infestor x5  
  185  17:40  Infestor  
  185  17:43  Zergling x36  
  190  17:55  Spore Crawler, Zergling x2  
  190  17:56  Spore Crawler x2, Zergling x16  
  196  18:12  Neural Parasite  
  196  18:13  Burrow  
  196  18:22  Corruptor  
  194  18:36  Corruptor  
  194  18:37  Corruptor  
  194  18:48  Corruptor x2  
  198  18:57  Corruptor  
  197  19:05  Corruptor x2  
  169  19:39  Zergling x24  
  169  19:40  Zergling x10  
  169  19:44  Zergling x26  
  169  19:45  Zergling x8  
  182  19:48  Corruptor  
  173  19:57  Corruptor x5  
  174  20:04  Corruptor x3  
  169  20:09  Zerg Flyer Weapons Level 3  
  169  20:18  Extractor x2, Infestor x6  
  157  20:38  Zergling x12  
  157  20:39  Zergling x6  
  157  20:42  Ultralisk  
  159  20:48  Zergling x12  
  140  21:06  Zergling x18  
  147  21:26  Zergling x18  
  147  21:28  Baneling x19  
  147  21:31  Brood Lord  
  158  21:35  Hatchery  
  158  21:37  Drone x2  
  158  21:38  Drone x2  
  158  21:39  Drone x2  
  163  21:46  Zergling x8  
  163  22:01  Brood Lord x3  
  159  22:04  Zergling x16  
  166  22:13  Corruptor  
  165  22:30  Corruptor x3  
  165  22:36  Brood Lord  
  172  22:41  Zergling x2  
  172  22:42  Zergling x6  
  173  22:55  Brood Lord x2  
  173  22:56  Overseer x2  
  177  23:02  Corruptor  
  170  23:16  Brood Lord  
  170  23:17  Zergling x10  
  165  23:22  Corruptor  
  165  23:26  Corruptor  
  167  23:30  Infestor  
  160  23:49  Infestor x2  
  160  23:50  Infestor  
  160  23:52  Corruptor x2  
  170  24:01  Corruptor  
  170  24:02  Corruptor  
  174  24:09  Corruptor  
  171  24:12  Zergling x6  
  157  24:38  Zergling x2  
  157  24:39  Zergling x20  
  157  24:44  Zergling x14  
  131  24:54  Zergling x2  
Tags
 
Add a new tag
Caveats
  • Supply blocks, unpowered buildings, or Contaminate may cause inaccurate times.
  • Supply counts are checked every 10 seconds.